2126 views
Uploaded 2023-12-24 10:48:09
Game version 1.36 (6115)
16:18 long 1on1 custom game on (2)lastrefuge_s2_v1.5
Game name "k5"
Saved by dexon
2126 views
Uploaded 2023-12-24 10:48:09
Game version 1.36 (6115)
16:18 long 1on1 custom game on (2)lastrefuge_s2_v1.5
Game name "k5"

24 units @ 3k
/ 0.6k
11 buildings @ 1.8k
/ 0.7k


| Moonstone | 1 | 50 |
| Staff of Preservation | 1 | 150 |
| Potion of Healing | 1 | 150 |
| Orb of Venom | 1 | 325 |
| Scroll of Town Portal | 1 | 350 |
| Staff of Teleportation | 1 | 150 |
| Boots of Speed | 1 | 250 |
| total: | 7 | 1425g |
| Wisp | 12 | 720 | / | 0 |
| Archer | 4 | 520 | / | 40 |
| Dryad | 3 | 435 | / | 180 |
| Druid of the Claw | 5 | 1275 | / | 400 |
| total: | 24 | 2950g | / | 620w |
| Altar of Elders | 1 | 180 | / | 50 |
| Moon Well | 5 | 900 | / | 200 |
| Ancient of War | 1 | 150 | / | 60 |
| Hunter's Hall | 1 | 210 | / | 100 |
| Ancient of Wonders | 1 | 90 | / | 30 |
| Ancient of Lore | 2 | 310 | / | 290 |
| Tree of Ages | 1 | 320 | / | 180 |
| Tree of Eternity | 1 | 330 | / | 200 |
| total: | 11 | 1840g | / | 730w |
| 0:01 | Wisp |
| 0:02 | Wisp |
| 0:04 | Altar of Elders |
| 0:17 | Moon Well |
| 0:23 | Ancient of War |
| 0:29 | Wisp |
| 0:40 | Wisp |
| 0:51 | Wisp |
| 1:08 | Wisp |
| 1:13 | Wisp |
| 1:28 | Archer |
| 1:29 | Wisp |
| 1:42 | Moon Well |
| 2:06 | Immolation |
| 2:35 | Tree of Ages |
| 2:44 | Archer |
| 2:44 | Archer |
| 3:58 | Hunter's Hall |
| 3:59 | Moon Well |
| 4:09 | Archer |
| 4:16 | Mana Burn |
| 4:35 | Moon Well |
| 5:05 | Ancient of Lore |
| 5:07 | Ancient of Lore |
| 5:28 | Wisp |
| 5:28 | Wisp |
| 5:52 | Wisp |
| 5:56 | Ancient of Wonders |
| 6:00 | Frost Arrows |
| 6:27 | Dryad |
| 6:42 | Abolish Magic |
| 6:56 | Wisp |
| 7:05 | Immolation |
| 7:12 | Staff of Teleportation |
| 7:17 | Boots of Speed |
| 7:21 | Scroll of Town Portal |
| 7:26 | Dryad |
| 7:58 | Tree of Eternity |
| 9:20 | Druid of the Claw |
| 9:22 | Moon Well |
| 9:32 | Forked Lightning |
| 9:48 | Druid of the Claw |
| 9:49 | Druid of the Claw Adept Training |
| 10:25 | Moonstone |
| 10:30 | Staff of Preservation |
| 10:37 | Druid of the Claw Master Training |
| 10:37 | Druid of the Claw |
| 11:03 | Forked Lightning |
| 11:09 | Druid of the Claw |
| 11:13 | Dryad |
| 12:01 | Potion of Healing |
| 12:09 | Orb of Venom |
| 12:49 | Mark of the Claw |
| 12:50 | Strength of the Wild |
| 13:53 | Mana Burn |
| 14:05 | Druid of the Claw |
| 14:54 | Frost Arrows |
| 15:22 | Forked Lightning |
| Right click | 989 |
| Select | 331 |
| Select group | 166 |
| Build/train/purchase | 82 |
| Use ability | 58 |
| Assign group | 51 |
| Misc. action | 11 |
| Item give/drop | 1 |
33 units @ 4.4k
/ 0.3k
12 buildings @ 1.3k
/ 0.5k


| Scroll of Regeneration | 3 | 300 |
| Lesser Clarity Potion | 2 | 140 |
| Potion of Mana | 2 | 400 |
| Dust of Appearance | 1 | 75 |
| Scroll of Healing | 2 | 500 |
| Circlet of Nobility | 1 | 175 |
| Boots of Speed | 1 | 250 |
| total: | 12 | 1840g |
| Peasant | 15 | 1125 | / | 0 |
| Footman | 5 | 675 | / | 0 |
| Rifleman | 8 | 1640 | / | 240 |
| Priest | 2 | 270 | / | 20 |
| Spell Breaker | 2 | 430 | / | 60 |
| Ogre Mauler | 1 | 300 | / | 0 |
| total: | 33 | 4440g | / | 320w |
| Scout Tower | 1 | 30 | / | 20 |
| Arcane Tower | 1 | 70 | / | 50 |
| Altar of Kings | 1 | 180 | / | 50 |
| Barracks | 1 | 160 | / | 60 |
| Farm | 6 | 480 | / | 120 |
| Arcane Vault | 1 | 130 | / | 30 |
| Blacksmith | 1 | 140 | / | 60 |
| Arcane Sanctum | 1 | 150 | / | 140 |
| Keep | 1 | 320 | / | 210 |
| total: | 12 | 1270g | / | 480w |
| 0:01 | Peasant |
| 0:01 | Peasant |
| 0:08 | Altar of Kings |
| 0:15 | Barracks |
| 0:18 | Farm |
| 0:22 | Peasant |
| 0:42 | Peasant |
| 0:52 | Peasant |
| 0:57 | Farm |
| 1:02 | Peasant |
| 1:15 | Footman |
| 1:22 | Peasant |
| 1:35 | Footman |
| 1:42 | Peasant |
| 1:51 | Farm |
| 2:00 | Peasant |
| 2:11 | Summon Water Elemental |
| 2:23 | Footman |
| 2:46 | Peasant |
| 3:02 | Keep |
| 3:37 | Footman |
| 4:03 | Brilliance Aura |
| 4:18 | Scout Tower |
| 4:28 | Circlet of Nobility |
| 4:28 | Boots of Speed |
| 4:55 | Dust of Appearance |
| 5:16 | Arcane Tower |
| 5:17 | Farm |
| 5:30 | Peasant |
| 5:30 | Peasant |
| 6:32 | Peasant |
| 6:37 | Arcane Vault |
| 6:45 | Footman |
| 6:52 | Blacksmith |
| 6:59 | Storm Bolt |
| 7:08 | Peasant |
| 7:09 | Peasant |
| 7:27 | Arcane Sanctum |
| 7:32 | Scroll of Regeneration |
| 8:41 | Rifleman |
| 8:42 | Priest |
| 8:54 | Scroll of Regeneration |
| 9:10 | Rifleman |
| 9:12 | Lesser Clarity Potion |
| 9:21 | Potion of Mana |
| 9:29 | Priest |
| 9:39 | Rifleman |
| 9:41 | Farm |
| 10:02 | Rifleman |
| 10:52 | Bash |
| 11:00 | Rifleman |
| 11:01 | Spell Breaker |
| 11:14 | Summon Water Elemental |
| 11:46 | Scroll of Healing |
| 11:52 | Scroll of Healing |
| 12:10 | Farm |
| 13:08 | Ogre Mauler |
| 13:56 | Rifleman |
| 13:58 | Spell Breaker |
| 14:13 | Rifleman |
| 14:16 | Lesser Clarity Potion |
| 14:19 | Potion of Mana |
| 14:27 | Scroll of Regeneration |
| 15:20 | Rifleman |
| Right click | 848 |
| Select | 392 |
| Select group | 293 |
| Build/train/purchase | 97 |
| Misc. action | 66 |
| Assign group | 42 |
| Use ability | 14 |
| Item give/drop | 5 |
| Chat | 4 |